 Dungeon Crawl Stone Soup version 0.30-a0-1160-g6e42c06551 (webtiles) character file.

Game seed: 10764837036045851523

5677 Lobster4 the Conjurer (level 11, -4/68 (80) HPs)
             Began as a Human Conjurer on Apr 26, 2023.
             Was a Priest of Fedhas.
             Killed from afar by Josephine (31 damage)
             ... with a ghostly fireball
             ... on level 9 of the Dungeon.
             The game lasted 00:29:54 (11469 turns).

Lobster4 the Conjurer (Human Conjurer)             Turns: 11469, Time: 00:29:54

HP:   -4/68 (80)    AC: 11    Str: 11    XL:     11   Next: 4%
MP:   28/28         EV: 12    Int: 21    God:    Fedhas [***...]
Gold: 703           SH:  8    Dex: 15    Spells: 10/20 levels left

rFire   + + .        d - +0 flail of Nyapn {heavy, rF++ Int+3 Dex+2}
rCold   + . .        j - +0 kite shield {rPois}
rNeg    . . .        u - +2 robe {rC+}
rPois   +            (no helmet)
rElec   .            R - +0 cloak
rCorr   .            E - +2 pair of gloves
SInv    +            i - +1 pair of boots
Will    .....        F - amulet of magic regeneration
Stlth   ++           w - ring of see invisible
HPRegen 0.31/turn    H - ring of magical power
MPRegen 0.61/turn

%: no passive effects
@: mighty, hasted and slowed, heavily drained
A: no striking features
a: Renounce Religion, Wall of Briars, Grow Ballistomycete


You were on level 9 of the Dungeon.
You worshipped Fedhas.
Fedhas was most pleased with you.
You visited 2 branches of the dungeon, and saw 12 of its levels.
You also visited: Ossuary.

You collected 703 gold pieces.

Inventory:

Hand Weapons
 d - the +0 flail of Nyapn (weapon) {heavy, rF++ Int+3 Dex+2}
   (You found it on level 6 of the Dungeon)

   Int:       It affects your intelligence (+3).
   Dex:       It affects your dexterity (+2).
   rF:        It greatly protects you from fire.
 g - a +3 dagger of freezing
 h - a +0 sling
 q - a +0 dagger of venom
 y - a +1 dagger of holy wrath
Missiles
 e - 74 stones
 f - 16 boomerangs
 A - 2 curare-tipped darts (quivered)
 C - 11 poisoned darts
Armour
 c - +0 acid dragon scales
 i - a +1 pair of boots (worn)
 j - a +0 kite shield of poison resistance (worn)
 k - the +5 ring mail "Hareajoc" {Int+7 Slay-6}
   (You found it on level 3 of the Dungeon)

   Int:       It affects your intelligence (+7).
   Slay:      It affects your accuracy & damage with ranged weapons and melee
   (-6).
 u - a +2 robe of cold resistance (worn)
 E - a +2 pair of gloves (worn)
 Q - a +2 robe of fire resistance
 R - a +0 cloak (worn)
Magical Staves
 z - a staff of fire
 L - a staff of cold
Jewellery
 m - an amulet of guardian spirit
 w - a ring of see invisible (left hand)
 F - an amulet of magic regeneration (around neck)
 H - a ring of magical power (right hand)
 N - a ring of willpower
Wands
 K - a wand of flame (21)
Scrolls
 a - a scroll of immolation
 v - 2 scrolls of blinking
 B - a scroll of teleportation
 G - 3 scrolls of fear
Potions
 b - 4 potions of magic
 l - 3 potions of mutation
 n - 2 potions of flight
 o - 2 potions of ambrosia
 p - 2 potions of brilliance
 r - 7 potions of curing
 s - a potion of cancellation
 x - 3 potions of heal wounds
 D - a potion of resistance
 J - 2 potions of attraction
Miscellaneous
 O - a condenser vane


   Skills:
 + Level 5.3 Fighting
 - Level 2.0 Short Blades
 + Level 1.9 Maces & Flails
 - Level 3.0 Throwing
 + Level 5.4 Armour
 + Level 5.8 Dodging
 - Level 3.0 Stealth
 + Level 2.5 Shields
 + Level 5.4 Spellcasting
 + Level 6.9 Conjurations
 + Level 5.0 Translocations
 - Level 4.0 Invocations
 - Level 4.0 Evocations


You had 10 spell levels left.
You knew the following spells:

 Your Spells              Type           Power      Damage    Failure   Level
a - Magic Dart            Conj           100%       1d8       2%          1
b - Searing Ray           Conj           68%        2d6       3%          2
c - Iskenderun's Mystic   Conj/Tloc      30%        2d8       36%         4
d - Teleport Other        Tloc           26%        N/A       17%         3

Your spell library contained the following spells:

 Spells                   Type           Power      Damage    Failure   Level
 Gell's Gravitas          Tloc           26%        N/A       17%         3
 Dazzling Flash           Conj/Hex       40%        N/A       32%         3
 Beastly Appendage        Tmut           10%        N/A       41%         1
 Wereblood                Tmut           5%         N/A       54%         2
 Fulminant Prism          Conj/Hex       10%        3d8       71%         4
 Sticky Flame             Conj/Fire      20%        2d4       71%         4
 Frozen Ramparts          Ice            10%        1d2       78%         3
 Ignite Poison            Fire/Tmut/Pois 5%         N/A       78%         3
 Spider Form              Tmut/Pois      5%         N/A       78%         3
 Ice Form                 Ice/Tmut       5%         N/A       99%         4
 Summon Ice Beast         Ice/Summ       5%         N/A       99%         4
 Dispersal                Tloc           13%        N/A       100%        6
 Ignition                 Fire           2%         3d3       100%        8


Dungeon Overview and Level Annotations

Branches:
Dungeon (11/15)            Temple (1/1) D:6            Lair (0/5) D:10
Ossuary (visited)
    Orc: D:9-12

Altars:
Ashenzari
Cheibriados
Dithmenos
Elyvilon
Fedhas
Gozag
Hepliaklqana
Kikubaaqudgha
Makhleb
Nemelex Xobeh
Qazlal
Ru
Vehumet
Xom
Yredelemnul
Zin

Annotations:
D:4 3 runed translucent doors, cheesebisquit's ghost, novice TrWr
D:9 Josephine


Message History

Josephine barely misses you. The wraith hits you but does no damage.
You block the wraith's attack.
You thump Josephine!
Josephine is lightly wounded.
The wraith hits you! The wraith drains your vigour!
You feel as though you will be slow longer.
The wraith closely misses you. Josephine hits you with a +0 dagger.
The wraith hits you. The wraith drains your vigour!
You feel as though you will be slow longer.
Josephine gestures at you while chanting.
The ghostly flame explodes!
The ghostly fireball engulfs you!!
You feel drained.
The ghostly fireball engulfs the wraith.
The wraith completely resists.
The ghostly fireball engulfs the wraith.
The wraith completely resists.
The ghostly fireball engulfs Josephine.
Josephine completely resists.
You block the wraith's attack. Josephine casts a spell at you.
The ghostly flame explodes!
The ghostly fireball engulfs you!!
You feel drained.
* * * LOW HITPOINT WARNING * * *
The ghostly fireball engulfs the wraith.
The wraith completely resists.
The ghostly fireball engulfs the wraith.
The wraith completely resists.
The ghostly fireball engulfs Josephine.
Josephine completely resists.
You block the wraith's attack. The wraith misses you.
Blink to where?
Press: ? - help, Dir - move target
As you read the scroll of blinking, it crumbles to dust.
You feel much better.
Okay, then.
Okay, then.
You feel yourself speed up.
Josephine seems less brilliant.
Josephine gestures at you while chanting.
The ghostly flame explodes!
The ghostly fireball engulfs you!!
You feel drained.
You die...
Fedhas appreciates your contribution to the ecosystem.

##################.# #.# #.#
#.##############
##################...............
.................................
#################................
#################..............<.
.......>...W.@..@................
......W.....W.........###...###..
..............#########~~...~~##.
..............# ##~..♣..~##.
......[.......########.........#.
........................♣r_.♣....
######################.........#.
##~..♣..~##. #~~...~~##§


You could see Josephine and 2 wraiths.

Vanquished Creatures
  Fannar (D:10)
  2 two-headed ogres
  A troll (D:10)
  2 wraiths
  A wyvern (D:7)
  An acid dragon (D:6)
  3 water moccasins
  An orc warrior (D:10)
  A sky beast (D:7)
  2 ice beasts
  A black bear (D:4)
  2 ogres (D:6)
  A centaur (D:8)
  A kobold brigand (D:8)
  A gnoll sergeant (D:8)
  A scorpion (D:6)
  5 wights (D:8)
  15 killer bees
  A howler monkey (D:9)
  Crazy Yiuf (D:2)
  3 hounds
  2 jellies
  An orc priest (D:9)
  A gnoll bouda (D:6)
  A sleepcap (D:5)
  5 iguanas
  6 orc wizards
  Natasha (thrice) (D:2)
  A hound zombie (D:4)
  A mummy (Ossuary)
  17 gnolls
  4 adders
  2 white imps
  2 ufetubi
  A worm (D:3)
  22 orcs
  8 endoplasms
  4 giant cockroaches
  4 goblins
  6 hobgoblins
  4 quokkas
  6 ball pythons
  4 bats
  2 frilled lizards
  4 gnoll skeletons (Ossuary)
  A jackal zombie (D:6)
  22 kobolds
  4 kobold skeletons (Ossuary)
  17 orc skeletons (Ossuary)
  A quokka zombie (D:4)
  3 rats
  A spectral hobgoblin (D:2)
207 creatures vanquished.

Vanquished Creatures (others)
  7 plants (D:6)
7 creatures vanquished.

Grand Total: 214 creatures vanquished

Notes
Turn   | Place    | Note
-------+----------+-------------------------------------------
     0 | D:1      | Lobster4 the Human Conjurer began the quest for the Orb.
     0 | D:1      | Reached XP level 1. HP: 13/13 MP: 3/3
   229 | D:1      | Reached XP level 2. HP: 20/20 MP: 0/5
   430 | D:1      | Learned a level 2 spell: Searing Ray
   538 | D:1      | Reached XP level 3. HP: 25/25 MP: 6/6
   985 | D:2      | Found a faded altar of an unknown god.
  1109 | D:2      | Noticed Natasha
  1113 | D:2      | Killed Natasha
  1114 | D:2      | Reached skill level 1 in Fighting
  1114 | D:2      | Reached skill level 1 in Armour
  1114 | D:2      | Reached XP level 4. HP: 26/32 MP: 1/7
  1421 | D:2      | Noticed Natasha
  1425 | D:2      | Killed Natasha
  1426 | D:2      | Reached skill level 1 in Short Blades
  1724 | D:2      | Found a runed translucent door.
  1725 | D:2      | Noticed Crazy Yiuf
  1793 | D:2      | Noticed Natasha
  1794 | D:2      | Found a faded altar of an unknown god.
  1799 | D:2      | Killed Natasha
  1800 | D:2      | Reached XP level 5. HP: 37/37 MP: 1/8
  2209 | D:3      | Identified the +5 ring mail "Hareajoc" {Int+7 Slay-6}
  3243 | D:4      | Noticed a black bear
  3413 | D:4      | Reached XP level 6. HP: 44/44 MP: 4/10
  3513 | D:4      | Learned a level 4 spell: Iskenderun's Mystic Blast
  3732 | D:4      | Found a runed translucent gate.
  3732 | D:4      | Found a runed translucent gate.
  3732 | D:4      | Found a runed translucent gate.
  3732 | D:4      | Noticed cheesebisquit's ghost (novice TrWr)
  3734 | D:4      | Found a basalt altar of Yredelemnul.
  4226 | D:5      | Entered Level 5 of the Dungeon
  4812 | D:5      | Reached skill level 1 in Translocations
  4867 | D:5      | Reached XP level 7. HP: 50/50 MP: 6/11
  5016 | D:5      | Reached skill level 1 in Throwing
  5444 | D:6      | Reached skill level 1 in Evocations
  5622 | D:6      | Found a staircase to the Ecumenical Temple.
  5634 | D:6      | Identified the +0 flail of Nyapn {heavy, rF++ Int+3 Dex+2}
  5642 | Temple   | Entered the Ecumenical Temple
  5653 | Temple   | Became a worshipper of Fedhas Madash
  5712 | D:6      | Reached skill level 5 in Conjurations
  5777 | D:6      | Reached XP level 8. HP: 57/57 MP: 8/12
  5783 | D:6      | Reached skill level 1 in Invocations
  5839 | D:6      | Found a sand-covered staircase.
  5888 | Ossuary  | Entered an ossuary
  5888 | Ossuary  | Noticed a wraith
  5888 | Ossuary  | Noticed a wraith
  5888 | Ossuary  | Noticed a wraith
  6186 | Ossuary  | Noticed a wraith
  6222 | Ossuary  | Killed a wraith
  6394 | Ossuary  | Reached * piety under Fedhas
  7288 | D:7      | Found a sparkling altar of Nemelex Xobeh.
  7289 | D:7      | Noticed a wyvern
  7298 | D:7      | Killed a wyvern
  7299 | D:7      | Reached XP level 9. HP: 43/64 MP: 8/14
  7362 | D:7      | Learned a level 3 spell: Teleport Other
  7437 | D:7      | Found a sacrificial altar of Ru.
  7873 | D:8      | Found a glowing silver altar of Zin.
  8095 | D:8      | Reached ** piety under Fedhas
  8321 | D:8      | Found a snail-covered altar of Cheibriados.
  8321 | D:8      | Found a hazy altar of Hepliaklqana.
  8334 | D:8      | Noticed a two-headed ogre
  8350 | D:8      | Killed a two-headed ogre
  8351 | D:8      | Reached skill level 5 in Dodging
  8351 | D:8      | Reached skill level 6 in Conjurations
  8351 | D:8      | Reached XP level 10. HP: 64/73 MP: 16/16
  9185 | D:2      | Found a runed translucent door.
  9193 | D:2      | Killed Crazy Yiuf
  9629 | D:4      | Reached skill level 1 in Shields
  9831 | D:9      | Found a burning altar of Makhleb.
  9848 | D:9      | Found a white marble altar of Elyvilon.
  9935 | D:9      | Reached *** piety under Fedhas
  9936 | D:9      | Reached skill level 5 in Spellcasting
 10274 | D:9      | Noticed an Executioner
 10277 | D:9      | Noticed a smoke demon
 10277 | D:9      | Noticed a smoke demon
 10707 | D:10     | Entered Level 10 of the Dungeon
 10742 | D:10     | Noticed Fannar
 10755 | D:10     | Killed Fannar
 10756 | D:10     | Reached skill level 5 in Fighting
 10756 | D:10     | Reached skill level 1 in Maces & Flails
 10756 | D:10     | Reached skill level 5 in Armour
 10861 | D:10     | Noticed a gargoyle
 11338 | D:11     | Noticed a gargoyle
 11351 | D:10     | Noticed a two-headed ogre
 11370 | D:10     | Killed a two-headed ogre
 11371 | D:10     | Reached skill level 5 in Translocations
 11371 | D:10     | Reached XP level 11. HP: 80/80 MP: 19/19
 11406 | D:10     | Found a staircase to the Lair.
 11459 | D:10     | Noticed Josephine
 11469 | D:9      | Killed from afar by Josephine

Illustrated notes

Levels and vault maps discovered:
D:1:      dpeg_arrival_snail, layout_loops_ring
D:2:      layout_basic, dreamdust_ecumenical_altar_drowned_temple, uniq_natasha,
          uniq_crazy_yiuf_cottage
D:3:      layout_loops_ring, minmay_checkerbox
D:4:      layout_loops_cross, nicolae_yredelemnul_ghost_church
D:5:      layout_basic
D:6:      layout_basic, minmay_temple_entry_gardened_gates, enter_ossuary_3,
          glass_columns_a
D:7:      layout_rooms, nemelex_xobeh_ov_fountains_minmay,
          nicolae_ru_great_annihilating_truth
D:8:      layout_gridville, gammafunk_temple_overflow_wave,
          amcnicky_altar_gilded, eino_tiny_chamber
D:9:      layout_long_grid, elyvilon_altar_4, makhleb_altar_promises_db
D:10:     layout_basic, lair_entry_dummy, uniq_josephine, uniq_maggie,
          uniq_fannar
D:11:     layout_roguey [special_room_orc]
Temple:   nicolae_temple_bog_church

Skill      XL: |  1  2  3  4  5  6  7  8  9 10 |
---------------+-------------------------------+-----
Fighting       | 1 2 3 4 5 |  5.3
Armour         | 1 2 3 4 5 |  5.4
Short Blades   | 1 2 |  2.0
Dodging        | 3 4 5 |  5.8
Stealth        | 3 |  3.0
Translocations | 1 2 4 5 |  5.0
Throwing       | 1 2 3 |  3.0
Spellcasting   | 3 4 5 |  5.4
Evocations     | 1 2 3 4 |  4.0
Conjurations   | 5 6 |  6.9
Invocations    | 2 3 4 |  4.0
Shields        | 2 |  2.5
Maces & Flails | 1 |  1.9

Action                     |  1- 3 |  4- 6 |  7- 9 | 10-12 || total
---------------------------+-------+-------+-------+-------++-------
  Melee: Dagger            |    42 |    17 |     6 |       ||    65
         Punch             |     2 |     1 |       |       ||     3
         Flail             |       |       |       |     9 ||     9
  Throw: Dart              |       |       |     8 |    13 ||    21
         Throwing net      |       |       |       |     1 ||     1
   Cast: Magic Dart        |    24 |    84 |   109 |    26 ||   243
         Searing Ray       |     1 |    19 |    69 |    46 ||   135
         Iskenderun's Myst |       |       |       |     1 ||     1
  Evoke: Wand              |       |       |       |     6 ||     6
         Condenser vane    |       |       |       |     1 ||     1
    Use: Scroll            |       |    12 |    12 |     8 ||    32
         Potion            |       |       |     3 |     4 ||     7
   Stab: Sleeping          |     6 |       |       |     1 ||     7
 Armour: Robe              |     4 |     2 |    16 |    31 ||    53
         Leather armour    |       |       |    15 |       ||    15
  Dodge: Dodged            |    25 |    24 |    64 |    53 ||   166
  Block: Kite shield       |       |       |       |    33 ||    33

Table legend: (Time is in decaauts)
 A = Elapsed time spent in this place.
 B = Non-inter-level travel time spent in this place.
 C = Inter-level travel time spent in this place.
 D = Time resting spent in this place.
 E = Time spent auto-exploring this place.
 F = Levels seen in this place.
 G = Mean time per level.
                   A        B        C        D        E       F      G
               +--------+--------+--------+--------+--------+-----+--------+
         Total |  11519 |  10821 |    698 |   1339 |   7605 |  13 |  886.1 |
       Dungeon |  10844 |  10146 |    698 |    979 |   7501 |  11 |  985.8 |
        Temple |     23 |     23 |      0 |      0 |      0 |   1 |   23.0 |
       Ossuary |    651 |    651 |      0 |    360 |    104 |   1 |  651.0 |
               +--------+--------+--------+--------+--------+-----+--------+

Top non-repeatable levels by time:
     D:4: 1469 daAuts
     D:2: 1276 daAuts
     D:5: 1253 daAuts
     D:8: 1246 daAuts
     D:6: 1185 daAuts
     D:3: 1105 daAuts
     D:1: 973 daAuts
     D:9: 940 daAuts
    D:10: 685 daAuts
     D:7: 663 daAuts
 Ossuary: 651 daAuts
    D:11: 44 daAuts
  Temple: 23 daAuts
